AoeStats
← Lykion

Pilgrims

507505370Analyzed
4v4 RM · 13d ago on Sep 18, 2026· 52m 38s· 8 players
Game mode
Random Map
Map size
Large (8 player)
Population
200
Speed
Normal
Resources
Standard
Victory
Conquest
Starting age
Dark Age
Ending age
Imperial Age
RankedLock teamsTeams togetherTeam positionsShared explorationLock speedFull tech treeHidden civsTurbo modeCheats
Victory
Defeat
🇹🇷 Franks · Türkiye
1064
+14
🇧🇩 Portuguese · Bangladesh
1044
+15
🇮🇪 Ethiopians · Ireland
1043
+15
🇩🇪 Vikings · Germany
1033
+15
🇹🇼 Huns · Taiwan
1101
-18
🇦🇷 Goths · Argentina
1014
-15
🇨🇳 Byzantines · China
991
-14
🇨🇳 Turks · China
954
-12
q721372930
12:18 Loom
16:55 Feudal Age
21:11 Castle Age
19:51 Wheelbarrow
19:03 Double-Bit Axe
21:07 Stone Mining
21:13 Gold Mining
21:31 Scale Barding Armor
21:36 Forging
22:16 Husbandry
23:35 Chain Barding Armor
25:00 Hand Cart
26:24 Elite Skirmisher
27:02 Fishing Lines
28:15 Fletching
29:01 Iron Casting
30:36 Scale Mail Armor
31:48 Horse Collar
32:53 Squires
32:39 Arson
33:45 Thumb Ring
34:18 Heavy Plow
34:29 Bow Saw
34:07 Town Watch
39:57 Imperial Age
38:06 Chain Mail Armor
37:52 Padded Archer Armor
39:37 Gold Shaft Mining
39:37 Stone Shaft Mining
40:11 Halberdier
41:22 Plate Mail Armor
42:23 Blast Furnace
41:46 Conscription
42:30 Heavy Camel Rider
43:14 Royal Heirs
43:15 Torsion Engines
45:57 Heavy Scorpion
47:01 Ballistics
46:52 Fortified Wall
48:59 Leather Archer Armor
48:39 Bodkin Arrow
48:34 Capped Ram
50:03 Siege Ram
51:49 Chemistry
50:55 Siege Engineers
Haki D. Ruffy
Lykion
13:20 Feudal Age
13:31 Loom
15:40 Double-Bit Axe
18:03 Castle Age
21:37 Pikeman
30:01 Bow Saw
34:18 Wheelbarrow
39:02 Imperial Age
36:48 Hand Cart
38:02 Scale Barding Armor
38:07 Forging
38:03 Gold Mining
38:56 Husbandry
39:58 Cavalier
41:39 Paladin
46:25 Chain Barding Armor
46:40 Iron Casting
49:25 Gold Shaft Mining
48:40 Stone Mining
48:38 Town Watch
ImranAOE
10:53 Loom
15:19 Feudal Age
16:43 Fishing Lines
16:57 Fletching
19:36 Castle Age
18:48 Forging
21:04 Medium Warships
21:58 Bodkin Arrow
23:31 Gillnets
36:21 Imperial Age
35:49 Wheelbarrow
36:49 Ballistics
36:40 Masonry
38:03 Chemistry
37:28 Siege Engineers
38:12 Conscription
39:49 Masonry
39:46 Bracer
41:33 Elite Organ Gun
44:27 Arquebus
44:29 Circumnavigation
44:59 Pikeman
48:46 Bombard Tower
48:28 Halberdier
50:33 Arson
51:28 Iron Casting
50:54 Scale Mail Armor
AB8
5:01 Loom
12:59 Feudal Age
14:18 Double-Bit Axe
17:16 Castle Age
15:37 Scale Barding Armor
15:45 Bloodlines
16:41 Forging
20:50 Bow Saw
20:21 Horse Collar
21:37 Fletching
23:52 Wheelbarrow
24:18 Medium Warships
24:32 Heavy Plow
26:31 Chain Barding Armor
26:48 Iron Casting
28:40 Bodkin Arrow
28:46 Padded Archer Armor
30:02 Hand Cart
35:53 Imperial Age
34:16 Leather Archer Armor
34:48 Husbandry
35:19 Ballistics
35:10 Masonry
35:33 Thumb Ring
35:46 Murder Holes
35:49 Gold Mining
35:51 Stone Mining
36:57 Conscription
36:01 Cavalier
37:19 Paladin
39:42 Plate Barding Armor
40:13 Chemistry
39:15 Bracer
41:39 Blast Furnace
42:33 Light Cavalry
43:20 Hussar
44:31 Parthian Tactics
43:53 Elite Skirmisher
49:44 Heavy Cavalry Archer
华夏最大根
Mita Lover
GSSC146961
3:22 Loom
13:48 Feudal Age
13:51 Man-at-Arms
15:10 Wheelbarrow
14:21 Town Watch
14:28 Gold Mining
14:43 Horse Collar
15:25 Double-Bit Axe
16:53 Scale Mail Armor
17:01 Fishing Lines
17:19 Fletching
23:55 Castle Age
22:11 Padded Archer Armor
24:15 Forging
24:18 Pikeman
24:58 Squires
25:31 Hand Cart
25:00 Long Swordsman
26:00 Heavy Plow
26:15 Bow Saw
28:50 Chain Mail Armor
29:50 Anarchy
33:03 Gillnets
34:34 Murder Holes
36:18 Iron Casting
39:33 Imperial Age
40:48 Heavy Cavalry Archer
41:05 Elite Huskarl
43:28 Halberdier
Connection lost

Rejoining the realm…

Still unreachable

The connection could not be restored.

Session expired

The server has moved on; the page needs a fresh start.